 Dungeon Crawl Stone Soup version 0.32-a0-290-g598725c5f2 (webtiles) character file.

Game seed: 12817558274164480323

15 CougarLife the Firebug (level 2, -2/15 HPs)
             Began as a Gargoyle Fire Elementalist on Feb 14, 2024.
             Killed from afar by Natasha (10 damage)
             ... with a magic dart
             ... on level 2 of the Dungeon.
             The game lasted 00:01:12 (677 turns).

CougarLife the Firebug (Gargoyle Fire Elementalist)  Turns: 677, Time: 00:01:12

Health: -2/15      AC:  4    Str: 11    XL:     2   Next: 50%
Magic:  4/5        EV: 11    Int: 15    God:
Gold:   41         SH:  0    Dex: 10    Spells: 4/5 levels left

rFire   . . .        e - +0 dagger
rCold   . . .        (no shield)
rNeg    + . .        a - +0 robe
rPois   ∞            (no helmet)
rElec   +            f - scarf {repulsion}
rCorr   .            (no gloves)
SInv    .            (no boots)
Will    .....        (no amulet)
Stlth   ++           (no ring)
HPRegen 0.22/turn    (no ring)
MPRegen 0.09/turn

%: repel missiles
@: no status effects
A: sickness immunity, AC +2, negative energy resistance 1, electricity
resistance, torment resistance 1, petrification resistance
a: no special abilities


You were on level 2 of the Dungeon.
You visited 1 branch of the dungeon, and saw 2 of its levels.

You collected 41 gold pieces.

Inventory:

Hand Weapons
 e - a +0 dagger (weapon)
Armour
 a - a +0 robe (worn)
 f - a scarf of repulsion (worn)
Jewellery
 i - a ring of flight
Scrolls
 c - 2 scrolls of identify {unknown}
 d - 2 scrolls of noise {unknown}
 g - a scroll of teleportation {unknown}
Potions
 b - a potion of magic
 h - 2 potions of berserk rage {unknown}


   Skills:
 - Level 1.5 Dodging
 - Level 2.1 Stealth
 + Level 2.3 Spellcasting
 + Level 1.7 Conjurations
 + Level 3.2 Fire Magic


You had 4 spell levels left.
You knew the following spells:

 Your Spells              Type           Power      Damage    Failure   Level
a - Foxfire               Conj/Fire      36%        2x1d5     8%          1

Your spell library contained the following spells:

 Spells                   Type           Power      Damage    Failure   Level
 Scorch                   Fire           22%        2d5       9%          2
 Inner Flame              Hex/Fire       6%         N/A       32%         3
 Volatile Blastmotes      Fire/Tloc      12%        2d11      32%         3
 Flame Wave               Conj/Fire      9%         2d6       58%         4


Dungeon Overview and Level Annotations

Branches:
Dungeon (2/15)

Altars:

Annotations:
D:2 Natasha


Innate Abilities, Weirdness & Mutations

You are immune to sickness and miasma.
Your stone body is resilient. (AC +2)
You are immune to poison.
You resist negative energy. (rN+)
You are resistant to electric shocks. (rElec)
You are resistant to unholy torment.
You are immune to petrification.


Message History

Nothing appears to happen.
You conjure some foxfire!
No target in view!
No target in view!
A goblin is nearby!
You hit the goblin.
The goblin is heavily wounded.
The foxfire hits the goblin.
You kill the goblin!
No target in view!
No target in view!
Your magical contamination has completely faded away.
Things that are here:
a +0 dagger; a goblin corpse
i - a ring of flight An endoplasm comes into view.
An endoplasm is nearby!
The endoplasm closely misses you.
You hit the endoplasm.
The endoplasm is heavily wounded.
The endoplasm barely misses you.
You conjure some foxfire!
The endoplasm closely misses you.
You hit the endoplasm.
You kill the endoplasm!
No target in view!
Found 6 boomerangs.
Found a stone staircase leading up.
You see here 6 boomerangs.
Natasha, Servant of Life and Death comes into view.
Natasha is nearby!
Natasha claws you!
You conjure some foxfire!
Natasha closely misses you.
Your foxfire dissipates!
The foxfire hits Natasha.
Natasha is lightly wounded.
Natasha casts a spell at you. The magic dart hits you!
Ouch! That really hurt!
You die...
Natasha curls up and begins to purr.

#.#..# #.####.
##.#.####.#
#.#
#.........#
#.#
#####.#.######
#.# #.......#
#.. #.#######
#.# #.# #.#
########§####
#.#
......h.@...#
#.#
########.##.#
#.# #.##.# #.#
#.##.### #.#
#......# #.#
####.#.# #.#
#<#.# #.#
#.#.# #.#
#.#.# #.#


You could see Natasha.

Vanquished Creatures
  An endoplasm (D:2)
  A giant cockroach (D:1)
  A goblin (D:2)
  3 hobgoblins
  A bat (D:1)
  A frilled lizard (D:1)
8 creatures vanquished.

Vanquished Creatures (others)
  10 foxfires
10 creatures vanquished.

Grand Total: 18 creatures vanquished

Notes
Turn   | Place    | Note
-------+----------+-------------------------------------------
     0 | D:1      | CougarLife the Gargoyle Fire Elementalist began the quest
                  | for the Orb.
     0 | D:1      | Reached XP level 1. HP: 10/10 MP: 3/3
   315 | D:1      | Reached XP level 2. HP: 15/15 MP: 0/5
   674 | D:2      | Noticed Natasha
   677 | D:2      | Killed from afar by Natasha

Illustrated notes

Levels and vault maps discovered:
D:1:      wheals_arrival_shading, layout_rooms
D:2:      layout_loops_ring, basic_altar, uniq_natasha

Action                     || total
---------------------------++-------
  Melee: Dagger            ||    10
         Unarmed           ||     1
   Cast: Foxfire           ||    11
   Stab: Sleeping          ||     2
 Armour: Robe              ||     4
  Dodge: Dodged            ||     9

Table legend: (Time is in decaauts)
 A = Elapsed time spent in this place.
 B = Non-inter-level travel time spent in this place.
 C = Inter-level travel time spent in this place.
 D = Time resting spent in this place.
 E = Time spent auto-exploring this place.
 F = Levels seen in this place.
 G = Mean time per level.
                   A        B        C        D        E       F      G
               +--------+--------+--------+--------+--------+-----+--------+
         Total |    676 |    647 |     29 |    143 |    393 |   2 |  338.0 |
       Dungeon |    676 |    647 |     29 |    143 |    393 |   2 |  338.0 |
               +--------+--------+--------+--------+--------+-----+--------+

Top non-repeatable levels by time:
     D:1: 542 daAuts
     D:2: 133 daAuts
